 Dungeon Crawl Stone Soup version 0.28-a0-1510-gd0f6b136d3 (webtiles) character file.

Game seed: 9867542407860997742

365 a3don the Digger (level 6, 0/55 HPs)
             Began as a Troll Earth Elementalist on Jan 16, 2022.
             Slain by an orc (3 damage)
             ... on level 4 of the Dungeon.
             The game lasted 00:07:24 (2972 turns).

a3don the Digger (Troll Earth Elementalist)         Turns: 2972, Time: 00:07:25

Health: 0/55       AC:  4    Str: 17    XL:     6   Next: 40%
Magic:  0/7        EV: 10    Int: 13    God:
Gold:   177        SH:  0    Dex: 10    Spells: 5/8 levels left

rFire   . . .      SeeInvis .     - Unarmed
rCold   . . .      Faith    .   (no shield)
rNeg    . . .      Spirit   +   b - +0 robe
rPois   .          Reflect  .   (helmet restricted)
rElec   .          Harm     .   (no cloak)
rCorr   .          Rampage  .   (gloves unavailable)
Will    .....                   (boots unavailable)
Stlth   +.........              y - amulet of guardian spirit
HPRegen 0.98/turn               (no ring)
MPRegen 0.10/turn               (no ring)

@: no status effects
A: large, unfitting armour, claws 3, regeneration 1, shaggy fur 1, tough skin 1
a: no special abilities


You were on level 4 of the Dungeon.
You visited 1 branch of the dungeon, and saw 4 of its levels.

You collected 177 gold pieces.

Inventory:

Hand Weapons
 d - a +0 hunting sling
 h - a +0 short sword of speed
 u - a +1 dagger of venom
 x - a +1 morningstar of pain
Missiles
 c - 78 stones
 g - 8 javelins (quivered)
 s - 8 poisoned darts
Armour
 b - a +0 robe (worn)
Jewellery
 v - an amulet of magic regeneration
 y - an amulet of guardian spirit (around neck)
Wands
 l - a wand of polymorph (6)
Scrolls
 e - 5 scrolls of noise {unknown}
 f - 2 scrolls of teleportation {unknown}
 m - a scroll of fear {unknown}
 n - a scroll of holy word {unknown}
 o - a scroll of enchant weapon {unknown}
 p - a scroll of fog {unknown}
 q - 2 scrolls of identify {unknown}
Potions
 a - 3 potions of curing {unknown}
 i - a potion of flight {unknown}
 j - a potion of magic {unknown}
 k - 2 potions of might {unknown}
 r - a potion of attraction {unknown}
 t - a potion of heal wounds {unknown}
 w - a potion of brilliance {unknown}
 z - a potion of lignification {unknown}


   Skills:
 + Level 1.5 Fighting
 + Level 2.5 Dodging
 - Level 1.0 Stealth
 * Level 3.2 Unarmed Combat
 + Level 1.9 Spellcasting
 + Level 0.2 Conjurations
 + Level 1.8 Transmutations
 + Level 3.5 Earth Magic


You had 5 spell levels left.
You knew the following spells:

 Your Spells              Type           Power      Damage    Failure   Level
a - Sandblast             Erth           20%        2d7       6%          1
b - Passwall              Tmut/Erth      6%         N/A       13%         2

Your spell library contained the following spells:

 Spells                   Type           Power      Damage    Failure   Level
 Shock                    Conj/Air       4%         1d3       24%         1
 Slow                     Hex            4%         N/A       26%         1
 Stone Arrow              Conj/Erth      12%        3d7       34%         3
 Dazzling Flash           Conj/Hex       2%         N/A       58%         3
 Confusing Touch          Hex            1%         N/A       61%         3
 Swiftness                Air            1%         N/A       61%         3
 Vampiric Draining        Necr           1%         2d6       61%         3
 Petrify                  Tmut/Erth      8%         N/A       63%         4
 Airstrike                Air            0%         N/A       95%         4
 Agony                    Necr           1%         N/A       100%        5
 Silence                  Hex/Air        0%         N/A       100%        5


Dungeon Overview and Level Annotations

Branches:
Dungeon (4/15)
 Temple: D:4-7

Altars:
Dithmenos

Annotations:
D:3 2 transporters, innerfire433's ghost, amateur DrCA


Innate Abilities, Weirdness & Mutations

You are too large for most types of armour.
You have claws for hands.
Your natural rate of healing is unusually fast.
You are covered in fur. (AC +1)
You have tough skin. (AC +1)


Message History

The orc hits you with a +1 short sword of speed.
Things that are here:
a +0 mace; an orc corpse You bump into the rock wall.
The orc barely misses you. x2
You hear some strange, mumbled words.
A magic dart appears from out of thin air!
The magic dart hits you.
You closely miss the orc. The orc barely misses you.
The orc hits you with a +0 short sword. Something hits you.
You completely miss the orc.
The orc hits you with a +1 short sword of speed.
The orc barely misses you.
The orc hits you with a +1 short sword of speed.
Something hits you.
* * * LOW HITPOINT WARNING * * *
Something hits you.
* * * LOW HITPOINT WARNING * * *
There is an open door here.
You closely miss something.
You feel less confused.
The orc hits you with a +1 short sword of speed.
* * * LOW HITPOINT WARNING * * *
Something hits you.
* * * LOW HITPOINT WARNING * * *
You miss something. The orc misses you. The orc barely misses you.
The orc closely misses you.
You hear some strange, mumbled words.
Something tries to affect you, but you resist.
You miss something.
The orc hits you with a +1 short sword of speed.
* * * LOW HITPOINT WARNING * * *
The orc hits you with a +0 short sword.
* * * LOW HITPOINT WARNING * * *
You hear some strange, mumbled words.
A magic dart appears from out of thin air!
The magic dart hits you!
* * * LOW HITPOINT WARNING * * *
You closely miss something.
The orc hits you with a +1 short sword of speed.
You die...

#######+#
##..##...#######+#
#........#o.......
#........@{.......
#........#o.......
#........#........
#........#........
#........#........
..#########...####....##+
.....#.####...#########
.....#.............
.....#.)...........


You could see 2 orcs.

Vanquished Creatures
  A scorpion (D:4)
  Natasha (thrice) (D:2)
  2 orc wizards
  6 adders
  3 worms
  A dart slug (D:3)
  11 orcs
  7 ball pythons
  4 bats
  8 endoplasms
  4 giant cockroaches
  13 goblins
  8 hobgoblins
  3 jackals
  A quokka (D:3)
  10 frilled lizards
  12 kobolds
  10 rats
107 creatures vanquished.

Vanquished Creatures (others)
  9 plants
9 creatures vanquished.

Grand Total: 116 creatures vanquished

Notes
Turn   | Place    | Note
-------+----------+-------------------------------------------
     0 | D:1      | a3don the Troll Earth Elementalist began the quest for the
                  | Orb.
     0 | D:1      | Reached XP level 1. HP: 16/16 MP: 1/1
   133 | D:1      | Reached XP level 2. HP: 19/24 MP: 2/2
   136 | D:1      | Learned a level 2 spell: Passwall
   288 | D:1      | Reached skill level 1 in Unarmed Combat
   351 | D:1      | Reached skill level 1 in Transmutations
   599 | D:2      | Noticed Natasha
   620 | D:2      | Noticed a crimson imp
   623 | D:2      | Killed Natasha
   624 | D:2      | Reached XP level 3. HP: 23/32 MP: 0/4
   729 | D:2      | Noticed Natasha
   798 | D:2      | Killed Natasha
   799 | D:2      | Reached XP level 4. HP: 30/40 MP: 0/5
   906 | D:2      | Noticed Natasha
   927 | D:2      | Killed Natasha
   928 | D:2      | Reached skill level 1 in Fighting
  1057 | D:2      | Reached XP level 5. HP: 48/48 MP: 1/6
  1208 | D:2      | Found a shadowy altar of Dithmenos.
  2028 | D:3      | Found a transporter.
  2517 | D:3      | Reached XP level 6. HP: 55/55 MP: 7/7
  2611 | D:3      | Found a transporter.
  2612 | D:3      | Noticed innerfire433's ghost (amateur DrCA)
  2971 | D:4      | HP: 2/55 [something/magic dart (6)]
  2972 | D:4      | Slain by an orc

Illustrated notes

Levels and vault maps discovered:
D:1:      lemuel_arrival_tunnels, layout_rooms
D:2:      minmay_door_path, layout_loops_corners, basic_altar,
          serial_bayou_pond_b, uniq_natasha
D:3:      cheibrodos_greedy_goblins, layout_rooms,
          gammafunk_ghost_gnarly_gnolls, minmay_vboxes
D:4:      layout_gridville, serial_shops, nicolae_shop_stone, uniq_robin,
          uniq_duvessa, uniq_menkaure

Skill      XL: |  1  2  3  4  5 |
---------------+----------------+-----
Unarmed Combat | 1 2 3 |  3.2
Transmutations | 1 |  1.8
Dodging        | 2 |  2.5
Earth Magic    | 3 |  3.5
Fighting       | 1 |  1.5
Stealth        | |  1.0
Spellcasting   | |  1.9
Conjurations   | |  0.2

Action                   |  1- 3 |  4- 6 || total
-------------------------+-------+-------++-------
Melee: Unarmed           |    85 |   196 ||   281
       Punch             |     2 |     5 ||     7
Throw: Javelin           |       |     6 ||     6
       Stone             |       |     1 ||     1
 Cast: Sandblast         |     7 |    10 ||    17
 Stab: Sleeping          |     1 |     3 ||     4
Armor: Robe              |    28 |    59 ||    87
Dodge: Dodged            |    41 |    97 ||   138

Table legend: (Time is in decaauts)
 A = Elapsed time spent in this place.
 B = Non-inter-level travel time spent in this place.
 C = Inter-level travel time spent in this place.
 D = Time resting spent in this place.
 E = Time spent auto-exploring this place.
 F = Levels seen in this place.
 G = Mean time per level.
                   A        B        C        D        E       F      G
               +--------+--------+--------+--------+--------+-----+--------+
         Total |   2994 |   2856 |    138 |    225 |   1867 |   4 |  748.5 |
       Dungeon |   2994 |   2856 |    138 |    225 |   1867 |   4 |  748.5 |
               +--------+--------+--------+--------+--------+-----+--------+

Top non-repeatable levels by time:
     D:2: 1322 daAuts
     D:3: 773 daAuts
     D:1: 598 daAuts
     D:4: 300 daAuts
